 Dungeon Crawl Stone Soup version 0.29.0-4-gdea44cf6ec (webtiles) character file.

Game seed: 4355651904516857176

1631 qw the Cleaver (level 8, -4/70 HPs)
             Began as a Minotaur Berserker on Sept 10, 2022.
             Was a Believer of Trog.
             Killed from afar by an electric eel (8 damage)
             ... with a bolt of electricity
             ... on level 7 of the Dungeon.
             The game lasted 00:01:52 (6311 turns).

qw the Cleaver (Minotaur Berserker)                 Turns: 6311, Time: 00:01:52

Health: -4/70      AC: 17    Str: 24 (25) XL:     8   Next: 65%
Magic:  7/7        EV:  7    Int:  3 (4)  God:    Trog [**....]
Gold:   318        SH:  0    Dex:  7 (9)  Spells: 7/7 levels left

rFire   . . .      SeeInvis +   Y - +0 war axe (drain)
rCold   . . .      Faith    .   (no shield)
rNeg    . . .      Spirit   .   b - +1 plate armour
rPois   .          Reflect  .   (helmet restricted)
rElec   .          Harm     .   (no cloak)
rCorr   .          Rampage  .   (no gloves)
Will    .....                   (no boots)
Stlth   ..........              (no amulet)
HPRegen 0.21/turn               i - ring of see invisible
MPRegen 0.10/turn               n - +4 ring of protection

@: about to teleport, on berserk cooldown, slowed, very slow
A: horns 2, retaliatory headbutt
a: Renounce Religion, Berserk, Trog's Hand


You were on level 7 of the Dungeon.
You worshipped Trog.
Trog was pleased with you.
You visited 1 branch of the dungeon, and saw 7 of its levels.

You collected 318 gold pieces.


Innate Abilities, Weirdness & Mutations

You have a pair of horns on your head.
You reflexively headbutt those who attack you in melee.


   Skills:
 - Level 6.0 Fighting
 + Level 11.7 Axes
 - Level 1.2 Throwing
 - Level 5.1 Armour
 - Level 2.1 Dodging


You had 7 spell levels left.
You didn't know any spells.
Your spell library was empty.

Inventory:

Hand Weapons
 q - a +0 morningstar
 Y - a +0 war axe of draining (weapon)
Armour
 b - a +1 plate armour (worn)
Jewellery
 i - a ring of see invisible (left hand)
 n - a +4 ring of protection (right hand)
Scrolls
 c - a scroll of teleportation
 d - a scroll of identify
Potions
 a - a potion of ambrosia {unknown}
 e - a potion of heal wounds {unknown}
 g - 3 potions of curing
 h - a potion of invisibility {unknown}
 j - a potion of attraction {unknown}
 l - a potion of mutation {unknown}
 m - a potion of lignification {unknown}
 o - a potion of flight {unknown}

Dungeon Overview and Level Annotations

Branches:
Dungeon (7/15)             Temple (0/1) D:6

Altars:
Elyvilon

Annotations:
D:3 2 transporters, qw's ghost, amateur DsCA


Message History

The electric eel shoots out a bolt of lightning at you!
The bolt of electricity hits you.
You completely miss the orc.
The electric eel shoots out a bolt of lightning at you!
The bolt of electricity hits you. The orc hits you with a +0 flail.
You slash the orc!
You kill the orc!
Trog accepts your kill.
You hear a splash.
The electric eel shoots out a bolt of lightning at you!
The bolt of electricity hits you!
Things that are here:
a +0 flail; an orc corpse
Found a hand axe.
You feel a strong urge to attack something.
The electric eel shoots out a bolt of lightning at you!
The bolt of electricity hits you!
You enter the shallow water.
Moving in this stuff is going to be slow.
You feel your anger nearly subside.
You miss the electric eel. Your headbutt misses the electric eel.
You are no longer berserk.
You are exhausted.
You feel yourself slow down.
You barely miss the electric eel.
The electric eel shoots out a bolt of lightning at you!
The bolt of electricity hits you. The bolt of electricity hits you!
The bolt of electricity hits the electric eel.
The electric eel completely resists.
You closely miss the electric eel. Your headbutt misses the electric eel.
The electric eel shoots out a bolt of lightning at you!
The bolt of electricity hits you. The bolt of electricity hits you!
The bolt of electricity hits the electric eel.
The electric eel completely resists.
6311 ||| READING 2 scrolls of teleportation.
As you read the scroll of teleportation, it crumbles to dust.
You feel strangely unstable.
The electric eel shoots out a bolt of lightning at you!
The bolt of electricity hits you!
You die...

~~~. ~. 7~~. ~.~
7~)# ~~~777~~#
~.~~~~~~# .
..~~~~..#
~~~.~~~~S~#####.#
7~ 7~@....... 7~~
7~~#.#.#.#
77~.~777~...#
~~~~~~~~~)###
...~~~~~~.#
########..# #####
#..#
#...####..######
#
#........(......


You could see an electric eel.

Vanquished Creatures
  Grinder (D:3)
  Sigmund (D:4)
  A sky beast (D:5)
  An ogre (D:5)
  2 phantoms
  A kobold brigand (D:6)
  A necrophage (D:7)
  4 scorpions
  A howler monkey (D:6)
  An electric eel (D:7)
  4 hounds
  An orc priest (D:5)
  A gnoll bouda (D:7)
  2 jellies
  2 orc wizards
  Terence (D:3)
  Robin (D:4)
  3 gnolls (D:7)
  5 adders
  An ufetubus (D:5)
  2 worms
  6 dart slugs
  10 orcs
  6 ball pythons
  4 endoplasms
  4 giant cockroaches
  13 goblins
  9 hobgoblins
  4 jackals (D:1)
  8 kobolds
  2 quokkas (D:1)
  6 bats
  A frilled lizard (D:1)
  8 rats
118 creatures vanquished.

Vanquished Creatures (others)
  6 plants (D:5)
6 creatures vanquished.

Grand Total: 124 creatures vanquished

Notes
Turn   | Place    | Note
-------+----------+-------------------------------------------
     0 | D:1      | qw the Minotaur Berserker began the quest for the Orb.
     0 | D:1      | Reached XP level 1. HP: 19/19 MP: 0/0
     0 | D:1      | 0 ||| qw: Version: 0.1-a-116-g5d60599
     0 | D:1      | 0 ||| qw: Game counter: 7513
     0 | D:1      | 0 ||| qw: Always use a shield: true
     0 | D:1      | 0 ||| qw: Do Orc after D:15 true
     0 | D:1      | 0 ||| qw: Do second Lair branch before Depths: true
     0 | D:1      | 0 ||| qw: Lair rune preference: random
     0 | D:1      | 0 ||| qw: Plans: Normal
     0 | D:1      | 0 ||| PLANNING D:1-11
   118 | D:1      | Reached skill level 4 in Axes
   142 | D:1      | Reached XP level 2. HP: 26/26 MP: 1/1
   295 | D:1      | Found a faded altar of an unknown god.
   362 | D:1      | Reached skill level 5 in Axes
   573 | D:1      | Reached ** piety under Trog
   574 | D:1      | Reached XP level 3. HP: 31/31 MP: 2/2
   864 | D:1      | 864 ||| UPGRADING to +0 ring mail.
   874 | D:1      | 874 ||| DROPPING +0 animal skin.
   875 | D:1      | 875 ||| READING scroll labelled AHUAME DIOSOERO.
   876 | D:1      | 876 ||| READING scroll labelled XEMOTA XITUKYU.
   977 | D:1      | 977 ||| READING scroll labelled QIMATY ZACI.
   978 | D:1      | 978 ||| READING scroll labelled EVUIRGH JAGUD.
  1036 | D:2      | 1036 ||| Stepping ~*~*~tactically~*~*~ (hiding).
  1475 | D:2      | 1475 ||| READING scroll labelled MAUNANK MYON.
  1476 | D:2      | 1476 ||| READING scroll labelled FAOHIUSIGY.
  1477 | D:2      | 1477 ||| READING 2 scrolls labelled VOKLUE ASHOIRE.
  1478 | D:2      | 1478 ||| READING scroll labelled BUFOJAGESS.
  1482 | D:2      | 1482 ||| READING 3 scrolls labelled CUSHRU COUGIYTU.
  1483 | D:2      | 1483 ||| DROPPING scroll of poison.
  1484 | D:2      | 1484 ||| DROPPING 2 scrolls of blinking.
  1512 | D:3      | 1512 ||| INVOKING Berserk.
  1518 | D:3      | 1518 ||| STAIRDANCE
  1665 | D:3      | You fall into a shaft and drop 1 floor!
  1665 | D:4      | Found a white marble altar of Elyvilon.
  1749 | D:4      | Noticed Sigmund
  1752 | D:4      | 1752 ||| INVOKING Berserk.
  1759 | D:4      | Killed Sigmund
  1760 | D:4      | Reached skill level 7 in Axes
  1760 | D:4      | Reached XP level 4. HP: 39/39 MP: 3/3
  1760 | D:4      | Reached XP level 5. HP: 45/45 MP: 4/4
  1880 | D:4      | 1880 ||| UPGRADING to +0 plate armour.
  1890 | D:4      | 1890 ||| DROPPING +0 ring mail.
  1891 | D:4      | 1891 ||| READING scroll of enchant armour.
  1891 | D:4      | 1891 ||| ENCHANTING +0 plate armour.
  1892 | D:4      | 1892 ||| DRINKING 2 sedimented grey potions.
  1997 | D:4      | 1997 ||| DROPPING potion of berserk rage.
  2006 | D:3      | Noticed Grinder
  2007 | D:3      | 2007 ||| INVOKING Trog's Hand.
  2008 | D:3      | 2008 ||| INVOKING Berserk.
  2017 | D:3      | Killed Grinder
  2018 | D:3      | Reached XP level 6. HP: 52/52 MP: 5/5
  2185 | D:3      | 2185 ||| Stepping ~*~*~tactically~*~*~ (stealth).
  2247 | D:3      | Found a transporter.
  2247 | D:3      | Noticed qw's ghost (amateur DsCA)
  2476 | D:3      | 2476 ||| Stepping ~*~*~tactically~*~*~ (stealth).
  2477 | D:3      | 2477 ||| Stepping ~*~*~tactically~*~*~ (stealth).
  2478 | D:3      | 2478 ||| Stepping ~*~*~tactically~*~*~ (stealth).
  2498 | D:3      | 2498 ||| Stepping ~*~*~tactically~*~*~ (stealth).
  2500 | D:3      | 2500 ||| Stepping ~*~*~tactically~*~*~ (stealth).
  2576 | D:3      | 2576 ||| INVOKING Berserk.
  2586 | D:3      | Reached skill level 8 in Axes
  2614 | D:3      | 2614 ||| FLEEEEING.
  2615 | D:3      | 2615 ||| FLEEEEING.
  2616 | D:3      | 2616 ||| FLEEEEING.
  2617 | D:3      | 2617 ||| FLEEEEING.
  2618 | D:3      | 2618 ||| FLEEEEING.
  2619 | D:3      | 2619 ||| FLEEEEING.
  2620 | D:3      | 2620 ||| STAIRDANCE
  2648 | D:2      | 2648 ||| READING scroll labelled SODOACK IHUREMM.
  2649 | D:2      | 2649 ||| DRINKING 3 red potions.
  2757 | D:3      | Found a transporter.
  2804 | D:3      | Noticed Terence
  2809 | D:3      | 2809 ||| INVOKING Berserk.
  2811 | D:3      | Killed Terence
  2812 | D:3      | Reached XP level 7. HP: 59/59 MP: 6/6
  3100 | D:4      | Noticed Robin
  3101 | D:4      | 3101 ||| Stepping ~*~*~tactically~*~*~ (hiding).
  3107 | D:4      | 3107 ||| INVOKING Berserk.
  3109 | D:4      | Killed Robin
  3127 | D:4      | 3127 ||| FLEEEEING.
  3128 | D:4      | 3128 ||| FLEEEEING.
  3129 | D:4      | 3129 ||| FLEEEEING.
  3130 | D:4      | 3130 ||| FLEEEEING.
  3131 | D:4      | 3131 ||| FLEEEEING.
  3132 | D:4      | 3132 ||| STAIRDANCE
  3704 | D:4      | Reached skill level 9 in Axes
  3766 | D:4      | 3766 ||| UPGRADING to +6 ring of intelligence.
  3774 | D:5      | Entered Level 5 of the Dungeon
  3866 | D:5      | 3866 ||| INVOKING Berserk.
  3997 | D:5      | 3997 ||| Stepping ~*~*~tactically~*~*~ (hiding).
  4001 | D:5      | 4001 ||| INVOKING Berserk.
  4139 | D:5      | 4139 ||| Stepping ~*~*~tactically~*~*~ (hiding).
  4350 | D:5      | 4350 ||| INVOKING Berserk.
  4359 | D:5      | Reached skill level 10 in Axes
  4405 | D:5      | 4405 ||| DROPPING +0 whip.
  4563 | D:5      | 4563 ||| SWAPPING to +0 war axe.
  4564 | D:5      | 4564 ||| DROPPING +1 hand axe of electrocution.
  4765 | D:5      | 4765 ||| UPGRADING to +4 ring of protection.
  4766 | D:5      | 4766 ||| READING scroll labelled XAWYESSAGOH.
  4807 | D:6      | Reached skill level 1 in Throwing
  4807 | D:6      | Reached XP level 8. HP: 68/68 MP: 7/7
  4812 | D:6      | Reached skill level 6 in Fighting
  4820 | D:6      | 4820 ||| FLEEEEING.
  4821 | D:6      | 4821 ||| STAIRDANCE
  4960 | D:6      | 4960 ||| STAIRDANCE
  4975 | D:5      | 4975 ||| INVOKING Berserk.
  5137 | D:6      | Found a staircase to the Ecumenical Temple.
  5159 | D:6      | 5159 ||| READING scroll of brand weapon.
  5159 | D:6      | 5159 ||| BRANDING +0 war axe.
  5213 | D:6      | 5213 ||| Stepping ~*~*~tactically~*~*~ (stealth).
  5532 | D:6      | 5532 ||| Stepping ~*~*~tactically~*~*~ (stealth).
  5758 | D:6      | 5758 ||| Stepping ~*~*~tactically~*~*~ (stealth).
  5760 | D:6      | 5760 ||| Stepping ~*~*~tactically~*~*~ (stealth).
  5762 | D:6      | 5762 ||| Stepping ~*~*~tactically~*~*~ (stealth).
  5793 | D:6      | Reached skill level 11 in Axes
  5817 | D:6      | 5817 ||| INVOKING Berserk.
  6090 | D:6      | 6090 ||| UPGRADING to ring of see invisible.
  6092 | D:6      | 6092 ||| DROPPING +6 ring of intelligence.
  6093 | D:6      | 6093 ||| READING scroll labelled SOABOU RUDUKU.
  6094 | D:6      | 6094 ||| DRINKING 2 murky silvery potions.
  6095 | D:6      | 6095 ||| DROPPING potion of degeneration.
  6145 | D:7      | 6145 ||| Stepping ~*~*~tactically~*~*~ (hiding).
  6149 | D:7      | 6149 ||| INVOKING Berserk.
  6296 | D:7      | 6296 ||| INVOKING Berserk.
  6310 | D:7      | HP: 15/70 [electric eel/bolt of electricity (3)]
  6310 | D:7      | HP: 4/70 [electric eel/bolt of electricity (11)]
  6311 | D:7      | 6311 ||| READING 2 scrolls of teleportation.
  6311 | D:7      | Killed from afar by an electric eel

Levels and vault maps discovered:
D:1:      lemuel_arrival_behind_the_door_large, layout_loops_ring,
          basic_ecumenical_altar
D:2:      layout_rooms
D:3:      layout_loops_ring, gammafunk_ghost_stat_death, uniq_terence,
          uniq_grinder
D:4:      layout_loops_ring, elyvilon_altar_3, uniq_robin, uniq_sigmund
D:5:      layout_basic, serial_bayou, serial_bayou_pond_d, serial_bayou_shore_b,
          serial_bayou_shore_a, serial_bayou_shore_b, serial_bayou_pond_c,
          serial_bayou_pond_e
D:6:      layout_loops_corners, minmay_temple_entry_arrows
D:7:      layout_loops_ring, enter_bailey_6, kennysheep_boxes

Skill      XL: |  1  2  3  4  5  6  7  8 |
---------------+-------------------------+-----
Axes           | 4 5 7 8 10 11 | 11.7
Fighting       | 4 5 6 |  6.0
Armour         | 5 |  5.1
Throwing       | 1 |  1.2
Dodging        | |  2.1

Action                   |  1- 3 |  4- 6 |  7- 9 || total
-------------------------+-------+-------+-------++-------
Melee: Hand axe          |    65 |    52 |    65 ||   182
       Headbutt          |     9 |     8 |    12 ||    29
       Punch             |     1 |     1 |     2 ||     4
       War axe           |       |       |    68 ||    68
Throw: Boomerang         |    43 |       |     9 ||    52
Invok: Berserk           |     2 |     3 |     8 ||    13
       Trog's Hand       |       |     1 |       ||     1
  Use: Scroll            |     9 |     2 |     4 ||    15
       Potion            |       |     2 |     1 ||     3
Armor: Animal skin       |     6 |       |       ||     6
       Ring mail         |     5 |     1 |       ||     6
       Plate armour      |       |    14 |    60 ||    74
Dodge: Dodged            |    31 |     5 |    25 ||    61

Table legend:
 A = Non-vault XP
 B = Vault XP
 C = Vault XP percentage of total XP
 D = Non-vault monster count
 E = Vault monster count
 F = Vault count percentage of total count
                 A         B        C        D         E       F
            +---------+---------+-------+---------+---------+-------
      Total |    1750 |     581 |  24.9 |     103 |      15 |  12.7
            +---------+---------+-------+---------+---------+-------
        D:1 |      45 |       0 |   0.0 |      28 |       0 |   0.0
        D:2 |      33 |       0 |   0.0 |      10 |       0 |   0.0
        D:3 |      76 |     313 |  80.5 |      19 |       2 |   9.5
        D:4 |     210 |     268 |  56.1 |       6 |      13 |  68.4
        D:5 |     606 |       0 |   0.0 |      17 |       0 |   0.0
        D:6 |     515 |       0 |   0.0 |      15 |       0 |   0.0
        D:7 |     265 |       0 |   0.0 |       8 |       0 |   0.0
            +---------+---------+-------+---------+---------+-------
